Unix NetHack Version 3.7.0-53 Work-in-progress - last build Apr 18 2022 03:42:42 (02b85442fffe0e2954e411e09df771b56fe27bbc,branch:master). Game began 2022-03-25 19:51:05, ended 2022-09-18 13:16:52. tromix, chaotic female elven Wizard ----------------- |...............| ---...----|----...--- |....-- ... --....| -------.5.--4 ... --...------- |...[@....| 5 |......%%.| ----- |..@------- -------%%.| |... --&-- ---$--- --..--------- .. | -..%$%..-- --...|.%.....| . ....$.$..---....|...%...| 5 A . ..........-.%)%%%%%._...| 4 -+- ........---%%..|.......| ......-- --...|.......| ------ --..--------- |... ----- Tromix the Sorceress St:25 Dx:16 Co:15 In:18 Wi:17 Ch:11 Chaotic Astral Plane $:0 HP:0(135) Pw:229(229) AC:-25 Xp:21/10006344 T:46821 TermIll Latest messages: You are at Death's door. You survived that attempt on your life. What do you want to use or apply? [ad-fm-owxFJOQX-Z or ?*] x Nothing seems to happen. The Angel of Moloch casts aspersions on your ancestry. Death reaches out with its deadly touch. You feel your life force draining away... Death reaches out with its deadly touch. You feel your life force draining away... Pestilence reaches out, and you feel fever and chills. You feel much worse. Pestilence touches you! What do you want to use or apply? [ad-fm-owxFJOQX-Z or ?*] x You feel cured. What a relief! What do you want to zap? [dowJOX-Z or ?*] X In what direction? 1 You kill Pestilence! The death ray misses the Angel of Moloch. You kill the red dragon! The air crackles around the priestess of Moloch. The priestess of Moloch picks up a wand of digging. Death reaches out with its deadly touch. Lucky for you, it didn't work! Death reaches out with its deadly touch. You feel your life force draining away... The ice-cold blade hits Death. The ice-cold blade hits Death. You kill Death! The Angel of Moloch wields a long sword! The priestess of Moloch swings her mace. The priestess of Moloch hits! The priestess of Moloch kicks! The priestess of Moloch points at you, then curses. What do you want to zap? [dowJOX-Z or ?*] I That is a silly thing to zap. What do you want to zap? [dowJOX-Z or ?*] ? In what direction? 1 The priestess of Moloch vanishes! Pestilence rises from the dead in a churning pillar of flies! The Angel of Moloch vanishes! The priest of Moloch vanishes! Pestilence reaches out, and you feel fever and chills. You feel deathly sick. You die... Do you want your possessions identified? [ynq] (y) y Do you want to see your attributes? [ynq] (y) y Do you want an account of creatures vanquished? [ynaq] (y) y Do you want a list of species genocided and extinct? [ynq] (y) y Do you want to see your conduct and achievements? [ynq] (y) y Do you want to see the dungeon overview? [ynq] (y) y Major events: Turn 1: tromix the chaotic female elven Wizard entered the dungeon 999: entered the Gnomish Mines 1012: attained the rank of Conjurer (level 3) 1679: reached Mine Town 1739: attained the rank of Thaumaturge (level 6) 5915: made her first wish - "blessed greased +2 silver dragon scale mail" 6187: found Giantslayer carried by a monster 7701: acquired the Mines' End luckstone 9164: read a Discworld novel 9920: consulted the Oracle 10245: entered Sokoban 10571: completed sokoban 1 10872: attained the rank of Magician (level 10) 11123: completed sokoban 2 11471: completed sokoban 3 12275: completed sokoban 4 12676: acquired the Sokoban amulet of reflection 12867: entered the Bigroom 13513: bestowed with Magicbane by Anhur 19528: performed her first genocide (class L) 22987: attained the rank of Enchantress (level 14) 24836: found the Eye of the Aethiopica on the floor 24849: killed the invisible Dark One 24850: acquired the Bell of Opening 25738: wished for "blessed greased bag of holding" 26560: killed Medusa 28204: bestowed with Frost Brand by Anhur 29135: entered Gehennom 32433: bribed Asmodeus with 2 zorkmids for safe passage 32462: killed Juiblex 34308: killed Orcus 36818: attained the rank of Sorceress (level 18) 37169: killed Baalzebub 38400: destroyed Vlad the Impaler 38402: acquired the Candelabrum of Invocation 43491: wished for "blessed ring of levitation" 43492: wished for "blessed ring of conflict" 43508: wished for "uncursed magic marker" 44325: killed the invisible Wizard of Yendor 44338: acquired the Book of the Dead 44466: killed the Wizard of Yendor (2nd time) 44519: performed the invocation 44667: killed the high priestess of Moloch 44669: acquired The Amulet of Yendor 44933: killed the Wizard of Yendor (3rd time) 46011: killed the Wizard of Yendor (5th time) 46362: entered the Elemental Planes 46362: entered Plane of Earth 46464: entered Plane of Air 46564: entered Plane of Fire 46609: entered Plane of Water 46615: genocided class ; 46704: entered the Astral Plane 46713: killed Famine 46732: killed Famine (2nd time) 46764: killed Famine (3rd time) 46771: wished for "5 blessed potions of full healing" 46817: averted death (killed by Pestilence) 46819: killed Pestilence 46820: killed Death 46821: killed by Pestilence Inventory: Amulets s - the Amulet of Yendor named AoY u - the blessed Eye of the Aethiopica Weapons h - the rustproof +6 Frost Brand (weapon in hand) Armor r - a blessed fireproof +1 cornuthaum (being worn) y - a blessed rustproof +1 pair of gauntlets of power (being worn) g - a blessed fireproof +1 pair of speed boots (being worn) b - a blessed fireproof +3 cloak of magic resistance (being worn) D - an uncursed +4 Hawaiian shirt with a hula dancer motif (being worn) W - a blessed +4 silver dragon scale mail (being worn) Comestibles E - 3 uncursed K-rations I - a blessed lizard corpse Scrolls T - a blessed scroll of magic mapping Spellbooks n - the uncursed Book of the Dead Potions l - a blessed potion of extra healing A - a blessed potion of full healing Rings K - an uncursed ring of regeneration (on left hand) Wands w - a cursed wand of cancellation (0:3) X - a wand of death named orcus (0:1) Z - a wand of death (1:0) J - a wand of lightning (0:3) Y - a wand of magic missile (0:5) o - a wand of teleportation (0:6) O - a wand of teleportation (0:0) d - a wand of wishing (1:1) Tools f - a blessed bag of holding named holding containing 85 items m - the blessed Bell of Opening (0:0) a - an uncursed blindfold Q - the uncursed Candelabrum of Invocation (0 of 7 candles attached) F - a blessed oil lamp (lit) e - a cursed skeleton key x - a +0 unicorn horn named poi/slp Gems/Stones v - a blessed luckstone Contents of the bag of holding named holding: 145 gold pieces an uncursed amulet of ESP an uncursed amulet of magical breathing an uncursed amulet of magical breathing an uncursed amulet of reflection an uncursed amulet of reflection an uncursed amulet of unchanging an uncursed amulet of unchanging an uncursed amulet versus poison an uncursed amulet versus poison the blessed rustproof +2 Magicbane the blessed +0 Giantslayer an uncursed +0 mummy wrapping an uncursed slime mold an uncursed C-ration 10 uncursed food rations 8 uncursed K-rations 2 uncursed sprigs of wolfsbane an uncursed lichen corpse 2 uncursed lizard corpses 5 blessed scrolls of blank paper 5 uncursed scrolls of blank paper 3 uncursed scrolls of blank paper an uncursed scroll of charging an uncursed scroll of confuse monster 2 uncursed scrolls of earth an uncursed scroll of fire an uncursed scroll of genocide 3 blessed scrolls of identify 2 blessed scrolls of remove curse 3 uncursed scrolls of remove curse a cursed scroll of remove curse an uncursed scroll of taming 2 uncursed scrolls of teleportation an uncursed spellbook of cancellation an uncursed spellbook of drain life a blessed spellbook of force bolt an uncursed spellbook of force bolt an uncursed spellbook of identify an uncursed spellbook of levitation a cursed spellbook of magic mapping an uncursed spellbook of magic missile an uncursed spellbook of magic missile an uncursed potion of booze a cursed potion of extra healing an uncursed diluted potion of gain energy 2 blessed potions of levitation 3 blessed potions of paralysis an uncursed potion of paralysis 12 potions of holy water an uncursed potion of water a blessed ring of conflict an uncursed ring of protection from shape changers an uncursed ring of regeneration an uncursed ring of shock resistance an uncursed ring of teleport control a wand of cold (0:6) a wand of cold (0:6) a wand of death (0:6) a wand of death (0:0) a wand of digging (0:7) a wand of digging (0:7) a wand of digging (0:5) a wand of digging (0:4) a wand of digging (0:4) a wand of digging (0:4) a wand of digging (0:3) a cursed wand of digging (0:0) a wand of fire (0:8) a wand of fire (0:8) a wand of fire (0:6) a wand of fire (0:5) a wand of fire (0:5) a wand of fire (0:3) a wand of magic missile (0:8) a wand of magic missile (0:6) a wand of magic missile (0:6) a wand of teleportation (0:8) a wand of teleportation (0:2) a blessed brass lantern a can of grease (0:21) a magic marker (0:23) a magic marker (1:1) a blessed oil lamp a blessed oil lamp Tromix the Wizard's attributes: Background: You were a Sorceress, a level 21 female elven Wizard. You were chaotic, on a mission for Anhur who was opposed by Ptah (lawful) and Thoth (neutral). You were in the endgame, on the Astral Plane. You entered the dungeon 46821 turns ago. You had 10006344 experience points, 9993656 more were needed for level 22. Basics: You had 0 out of 135 hit points. You had all 229 energy points (spell power). Your armor class was -25. Your wallet was empty. Autopickup was off. Final Characteristics: Your strength was 25 (base:18, innate limit:18). Your dexterity was 16 (limit:18). Your constitution was 15 (peak:16, limit:16). Your intelligence was 18 (limit:20). Your wisdom was 17 (limit:20). Your charisma was 11 (base:10, limit:18). Final Status: You were terminally sick from illness. You were not hungry. You were unencumbered. You were wielding a long sword. You had basic skill with long sword. Final Attributes: You were piously aligned. You were magic-protected. You were fire resistant. You were cold resistant. Your items were protected from cold. You were sleep resistant. You were disintegration-resistant. You were shock resistant. You were poison resistant. You saw invisible. You were telepathic. You were warned. You were clairvoyant. You had infravision. You had teleport control. You regenerated. You had a moderate defense bonus (+9). You were warded. You took half spell damage. You were very fast. You had reflection. You were extremely lucky. You had extra luck. Good luck did not time out for you. You are dead (2nd time!). Miscellaneous: You disabled loading of bones levels. Total elapsed playing time was 14 hours, 37 minutes and 48 seconds. Vanquished creatures: Baalzebub Orcus Juiblex the Wizard of Yendor (7 times) Death Pestilence Famine (4 times) Vlad the Impaler a high cleric 2 mastodons Medusa 16 krakens 4 iron golems 4 storm giants 2 titans 3 glass golems 3 balrogs 6 purple worms 2 gray dragons a gold dragon 2 silver dragons 6 red dragons 2 white dragons 2 orange dragons a black dragon a blue dragon 2 green dragons 22 minotaurs 4 jabberwocks the Dark One 8 baluchitheria 2 Angels 8 stone golems a master mind flayer 2 Olog-hai 3 Nazgul 8 pit fiends a sandestin 3 hell hounds 5 displacer beasts 4 titanotheres 2 trappers a baby red dragon 3 guardian nagas a genetic engineer 6 disenchanters 24 vampire leaders 5 skeletons 6 shopkeepers 14 aligned clerics 4 captains 6 shades 2 liches 3 clay golems 10 nurses 3 ice devils 6 nalfeshnees 6 lurkers above 2 frost giants 3 ettins a golden naga 14 black puddings 27 vampires 3 lieutenants a watch captain 27 ghosts a cleric 5 queen bees a winged gargoyle 3 mind flayers 6 giant mimics 5 long worms 4 zruties 6 fire giants 2 ogre tyrants 4 ice trolls 9 rock trolls 6 umber hulks 4 flesh golems 5 hezrous 10 bone devils 9 large mimics 2 wumpuses 6 fire vortices a baby purple worm 5 couatls 10 stalkers 8 air elementals 4 fire elementals 4 earth elementals 6 water elementals 2 hill giants 5 giant mummies 2 black nagas 15 xorns 20 giant zombies 13 sergeants 6 barbed devils 5 vrocks 4 salamanders 11 wargs a winter wolf 2 hell hound pups 15 small mimics 3 glass piercers 6 warhorses 6 steam vortices 17 xans 4 ettin mummies 6 quantum mechanics 14 trolls 2 sasquatches 3 wood golems an erinys 3 mariliths 8 sharks 11 electric eels 6 gelatinous cubes 2 pyrolisks 2 large dogs 3 freezing spheres 8 flaming spheres 8 shocking spheres 5 large cats 5 tigers 6 gargoyles 2 dwarf rulers 7 tengu 3 ochre jellies 7 leocrottas 7 energy vortices a mountain centaur 5 elf mummies 9 human mummies a red naga 3 green slimes 2 pythons 5 pit vipers 7 cobras 57 wraiths 7 carnivorous apes 16 ettin zombies 6 leather golems 61 soldiers 4 watchmen 7 amorous demons 4 horned devils 8 chameleons 4 crocodiles 33 giant beetles 10 quivering blobs 44 cockatrices 13 wolves 14 winter wolf cubs 2 lynxes 6 panthers 5 gremlins 2 spotted jellies 7 leprechauns 5 orc-captains 5 iron piercers 3 mumakil 11 giant spiders 7 scorpions 7 horses 2 ice vortices 4 black lights 53 vampire bats 7 gnome rulers 4 orc mummies 6 dwarf mummies 5 ogres 13 brown puddings 11 rust monsters 14 owlbears 7 yetis 3 gold golems a werewolf a Green-elf 6 piranha 16 giant eels 17 lizards 2 chickatrices 5 dingoes 3 dogs 6 housecats 10 jaguars 4 dwarf leaders 2 blue jellies 5 white unicorns 4 gray unicorns 5 dust vortices 19 ravens 2 plains centaurs 2 gnome mummies 7 snakes 5 water moccasins 5 apes 12 human zombies 5 rope golems 3 Woodland-elves 35 soldier ants 18 fire ants 4 imps 3 lemures 8 quasits 5 wood nymphs 4 water nymphs 2 mountain nymphs 23 Mordor orcs 44 Uruk-hai 3 orc shamans 5 rock piercers a rock mole 5 ponies 5 fog clouds 17 yellow lights 2 shriekers 6 violet fungi 23 gnome leaders 6 gnomish wizards 3 kobold mummies a red naga hatchling 6 gray oozes 3 barrow wights 21 elf zombies 18 ghouls 2 straw golems 3 paper golems 4 jellyfish a baby crocodile 31 giant ants a little dog 15 floating eyes 3 kittens 29 dwarves 7 homunculi 3 kobold leaders a kobold shaman 7 hill orcs 17 rothes a rabid rat 2 centipedes 14 giant bats 2 monkeys 15 orc zombies 15 dwarf zombies a wererat a werejackal 4 iguanas 62 killer bees 2 acid blobs 6 gas spores 9 hobbits 12 manes 4 large kobolds 4 hobgoblins 3 giant rats 3 cave spiders 3 brown molds a yellow mold 3 green molds a red mold 63 gnomes 9 garter snakes 12 gnome zombies 6 geckos 5 jackals a fox 4 kobolds 5 goblins 3 sewer rats 3 grid bugs 11 bats 8 lichens 11 kobold zombies 7 newts 2080 creatures vanquished. Genocided or extinct species: liches demiliches master liches arch-liches erinyes (extinct) jellyfish piranha sharks giant eels electric eels krakens 10 species genocided. 1 species extinct. Voluntary challenges: You read items or engraved 98 times. You never engraved Elbereth. You genocided 10 types of monsters. You never polymorphed an object. You never changed form. You used 6 wishes. You did not wish for any artifacts. You did not violate any of the special Sokoban rules. Achievements: You entered a shop. You entered the Gnomish Mines. You attained the rank of Conjurer. You entered Minetown. You entered a temple. You attained the rank of Thaumaturge. You completed the Gnomish Mines. You read from a Discworld novel. You consulted the Oracle of Delphi. You entered Sokoban. You attained the rank of Magician. You completed Sokoban. You entered the Big Room. You attained the rank of Enchantress. You had the Bell of Opening. You defeated Medusa. You entered Gehennom. You attained the rank of Sorceress. You had the Candelabrum of Invocation. You had the Book of the Dead. You gained access to Moloch's Sanctum. You had the Amulet of Yendor. You reached the Elemental Planes. You reached the Astral Plane. The Elemental Planes: Astral Plane: <- You were here. A temple. Final resting place for you, killed by Pestilence. Plane of Water: Plane of Fire: Plane of Air: Plane of Earth: The Dungeons of Doom: levels 1 to 25 Level 1: One way stairs up to The Elemental Planes. Level 2: An untended shop. Level 3: Some fountains. Stairs down to The Gnomish Mines. Level 4: An untended shop, some sinks. Level 5: An untended shop, a grave. Level 6: A fountain, some graves. Level 7: Some fountains. Level 8: Oracle of Delphi. Level 9: A temple to Anhur. Stairs up to Sokoban, level 8. Level 10: Many trees. A very big room. Level 11: A fountain. Level 12: An untended shop, an altar, a fountain. Level 13: A fountain. Level 14: Some graves. Level 15: An altar to Anhur, a fountain. Portal to The Quest. Level 16: A primitive area. Level 17: An altar. Level 18: A temple to Anhur. Level 19: A temple, a fountain. Level 20: Level 21: Level 22: Level 23: Level 24: Level 25: A fountain. The castle. Connection to Gehennom. Gehennom: levels 26 to 47 Level 26: A temple, many graves. Valley of the Dead. Level 27: Level 28: Level 29: Level 30: Level 31: Level 32: Level 33: Level 34: Level 35: Level 36: Level 37: Some shops, an altar, some graves. Stairs up to Vlad's Tower, level 36. Level 38: Level 39: Level 40: Level 41: Level 42: Level 43: Level 44: Level 45: Level 46: Level 47: A temple, many graves. Moloch's Sanctum. The Gnomish Mines: levels 4 to 11 Level 4: Level 5: Level 6: Level 7: Many shops, a temple, a fountain. Level 8: Level 9: Level 10: Level 11: A fountain. The Quest: levels 1 to 5 Level 1: A throne. Completed quest for Neferet the Green. Level 2: Level 3: Level 4: Level 5: A temple. Sokoban: levels 8 up to 5 Level 5: Solved. Level 6: Solved. Level 7: Solved. Level 8: Solved. Vlad's Tower: levels 36 up to 34 Level 34: Level 35: Level 36: Game over: ---------- / \ / REST \ / IN \ / PEACE \ / \ | tromix | | 145 Au | | killed by | | Pestilence | | | | | | 2022 | *| * * * | * _________)/\\_//(\/(/\)/\//\/|_)_______ Goodbye tromix the Wizard... You died in The Astral Plane with 1226221 points, and 145 pieces of gold, after 46821 moves. You were level 21 with a maximum of 135 hit points when you died.